 Dungeon Crawl Stone Soup version 0.29-a0-350-g7790a0e70a (webtiles) character file.

Game seed: 10812926357496287847

2452 kevlar127 the Ruffian (level 9, -1/92 HPs)
             Began as a Troll Berserker on Apr 23, 2022.
             Was a Priest of Trog.
             Slain by a bullfrog (3 damage)
             ... on level 7 of the Dungeon.
             The game lasted 00:27:31 (6090 turns).

kevlar127 the Ruffian (Troll Berserker)             Turns: 6090, Time: 00:27:31

Health: -1/92      AC:  5    Str: 31    XL:     9   Next: 25%
Magic:  8/8        EV: 14    Int:  3    God:    Trog [***...]
Gold:   303        SH:  0    Dex:  9    Spells: 8/8 levels left

rFire   . . .      SeeInvis .     - Unarmed
rCold   . . .      Faith    +   (no shield)
rNeg    . . .      Spirit   .   a - +0 animal skin
rPois   .          Reflect  .   (helmet restricted)
rElec   .          Harm     .   p - +0 cloak
rCorr   .          Rampage  .   (gloves unavailable)
Will    +++..                   (boots unavailable)
Stlth   +.........              q - amulet of faith
HPRegen 2.05/turn               s - ring of willpower
MPRegen 0.11/turn               v - +4 ring of evasion

@: strong-willed, regenerating
A: large, unfitting armour, claws 3, regeneration 1, shaggy fur 1, tough skin 1
a: Renounce Religion, Berserk, Trog's Hand


You were on level 7 of the Dungeon.
You worshipped Trog.
Trog was most pleased with you.
You visited 1 branch of the dungeon, and saw 7 of its levels.

You collected 303 gold pieces.

Inventory:

Hand Weapons
 o - a +3 quarterstaff of chaos
Missiles
 g - 242 stones (quivered)
 k - 5 poisoned darts
 n - a boomerang
 x - 4 atropa-tipped darts
Armour
 a - a +0 animal skin (worn)
 p - a +0 cloak (worn)
 y - a +0 tower shield
Jewellery
 q - an amulet of faith (around neck)
 s - a ring of willpower (left claw)
 v - a +4 ring of evasion (right claw)
Scrolls
 c - a scroll of fog
 d - a scroll of teleportation {unknown}
 h - a scroll of silence {unknown}
 j - a scroll of blinking
 l - a scroll of identify {unknown}
 m - a scroll of fear {unknown}
 t - a scroll of noise {unknown}
 u - a scroll of vulnerability {unknown}
Potions
 b - 4 potions of flight {unknown}
 e - 3 potions of curing {unknown}
 f - 2 potions of ambrosia {unknown}
 i - 3 potions of brilliance {unknown}
 r - a potion of might
 w - 2 potions of heal wounds {unknown}
 z - a potion of resistance {unknown}
 A - 2 potions of haste {unknown}


   Skills:
 + Level 6.5 Fighting
 + Level 6.2 Throwing
 - Level 3.0 Dodging
 + Level 7.8 Unarmed Combat


You had 8 spell levels left.
You didn't know any spells.
Your spell library was empty.

Dungeon Overview and Level Annotations

Branches:
Dungeon (7/15)
 Temple: D:4-7

Altars:
Cheibriados
Elyvilon

Shops:
D:4 (


Innate Abilities, Weirdness & Mutations

You are too large for most types of armour.
You have claws for hands.
Your natural rate of healing is unusually fast.
You are covered in fur. (AC +1)
You have tough skin. (AC +1)


Message History

The centaur is lightly wounded.
The centaur closely misses you. The centaur barely misses you.
The bullfrog hits you but does no damage.
You closely miss the centaur.
The centaur is lightly wounded.
The centaur barely misses you. The centaur kicks you.
The bullfrog closely misses you. The centaur barely misses you.
The centaur kicks you but does no damage.
You scratch the centaur.
The centaur is lightly wounded.
The bullfrog hits you. The centaur barely misses you. x2
The bullfrog hits you.
You scratch the centaur.
The centaur is moderately wounded.
The centaur hits you. The centaur completely misses you. The bullfrog hits you.
The centaur wields a +0 shortbow.
The centaur shoots an arrow.
The arrow hits you!
* * * LOW HITPOINT WARNING * * *
The bullfrog hits you!
* * * LOW HITPOINT WARNING * * *
The centaur shoots an arrow.
The arrow misses you. The bullfrog hits you.
* * * LOW HITPOINT WARNING * * *
Your skin crawls.
You feel strong-willed. The bullfrog hits you.
* * * LOW HITPOINT WARNING * * *
The centaur unwields a +0 shortbow.
The centaur closely misses you.
The centaur kicks you but does no damage.
The bullfrog attacks as you move away!
The bullfrog hits you but does no damage.
The bullfrog hits you.
* * * LOW HITPOINT WARNING * * *
The bullfrog attacks as you move away! The bullfrog hits you.
* * * LOW HITPOINT WARNING * * *
The centaur wields a +0 shortbow.
The centaur shoots an arrow.
The arrow hits you!
* * * LOW HITPOINT WARNING * * *
The bullfrog attacks as you move away! The bullfrog hits you.
You die...

....# ###.####
.....###......#
..............###
................##
.................###
.....!....†........##
.........c...##....<#
.........oF..##.....#
.......†###@.##.......
.......##
##.##..###.... #)#....
#..#... ...... # #(...
##.#.##. .....# ......
... ..#... ....... ...
###... ....... ..# ..#


You could see a bullfrog, a centaur and an orc.

Vanquished Creatures
  Grinder (D:3)
  2 water moccasins
  2 orc warriors (D:6)
  2 black bears (D:5)
  An ogre (D:6)
  2 phantoms (D:6)
  A bullfrog (D:6)
  A gnoll sergeant (D:5)
  A necrophage (D:6)
  2 scorpions
  4 wights (D:3)
  4 howler monkeys (D:7)
  3 hounds
  3 jellies
  Crazy Yiuf (D:3)
  4 orc priests
  4 iguanas (D:6)
  3 orc wizards
  13 gnolls
  5 adders
  A shadow imp (D:6)
  An ufetubus (D:5)
  4 worms
  17 orcs
  7 bats
  11 endoplasms
  3 giant cockroaches
  8 goblins
  9 hobgoblins
  5 jackals
  3 quokkas
  5 ball pythons
  A frilled lizard (D:2)
  6 kobolds
  8 rats
148 creatures vanquished.

Notes
Turn   | Place    | Note
-------+----------+-------------------------------------------
     0 | D:1      | kevlar127 the Troll Berserker began the quest for the Orb.
     0 | D:1      | Reached XP level 1. HP: 22/22 MP: 0/0
   176 | D:1      | Reached XP level 2. HP: 29/29 MP: 1/1
   386 | D:1      | Reached XP level 3. HP: 35/36 MP: 2/2
   733 | D:2      | Reached ** piety under Trog
   753 | D:2      | Reached skill level 1 in Throwing
   753 | D:2      | Reached XP level 4. HP: 22/44 MP: 3/3
  1713 | D:3      | Found a faded altar of an unknown god.
  1721 | D:3      | Reached skill level 4 in Unarmed Combat
  1891 | D:3      | Found a faded altar of an unknown god.
  1913 | D:3      | Reached XP level 5. HP: 27/53 MP: 4/4
  2383 | D:3      | Noticed Grinder
  2401 | D:3      | Reached XP level 6. HP: 47/62 MP: 5/5
  2414 | D:3      | Killed Grinder
  2415 | D:3      | Reached skill level 5 in Unarmed Combat
  2421 | D:3      | Reached XP level 7. HP: 8/66 MP: 6/6
  2957 | D:3      | Found a runed translucent door.
  2958 | D:3      | Noticed Crazy Yiuf
  3026 | D:3      | HP: 3/99 [Crazy Yiuf/+3 quarterstaff of chaos (6)]
  3027 | D:3      | Killed Crazy Yiuf
  3153 | D:4      | Found a snail-covered altar of Cheibriados.
  3425 | D:4      | Reached *** piety under Trog
  3537 | D:4      | Found Puejak's Antique Weapon Shoppe.
  3818 | D:5      | Entered Level 5 of the Dungeon
  3925 | D:5      | Reached skill level 5 in Fighting
  3925 | D:5      | Reached skill level 6 in Unarmed Combat
  4048 | D:5      | Reached XP level 8. HP: 67/80 MP: 7/7
  4200 | D:5      | Found a white marble altar of Elyvilon.
  4932 | D:6      | Reached skill level 5 in Throwing
  5070 | D:6      | Reached skill level 7 in Unarmed Combat
  5296 | D:6      | Reached XP level 9. HP: 69/89 MP: 8/8
  6089 | D:7      | HP: 2/92 [centaur/arrow (7)]
  6090 | D:7      | Slain by a bullfrog

Illustrated notes

Levels and vault maps discovered:
D:1:      psy_arrival_heroes, layout_rooms, ebering_dispersal_statue_hall
D:2:      layout_basic, kennysheep_generic_room_3
D:3:      minmay_wonky_spiral, layout_loops_corners,
          nicolae_overflow_ecumenical_swirl,
          hellmonk_ecumenical_altar_slurped_away, grunt_ministairs_9,
          uniq_grinder, uniq_crazy_yiuf_cottage
D:4:      layout_loops_cross, mainiacjoe_overflow_small_starburst, serial_shops,
          shop
D:5:      layout_basic, amcnicky_altar_gilded, gup_sewer_entry_bowl
D:6:      layout_loops_cross
D:7:      minmay_spotlight, layout_cave_pools,
          nicolae_dithmenos_through_a_glass_darkly,
          minmay_temple_entry_gardened_gates, minmay_unpleasant_kobolds

Skill      XL: |  1  2  3  4  5  6  7  8  9 |
---------------+----------------------------+-----
Throwing       | 1 2 3 4 5 6 |  6.2
Dodging        | 3 |  3.0
Fighting       | 3 4 5 6 |  6.5
Unarmed Combat | 4 5 6 7 |  7.8

Action                   |  1- 3 |  4- 6 |  7- 9 || total
-------------------------+-------+-------+-------++-------
Melee: Unarmed           |    79 |   128 |   242 ||   449
       Punch             |     1 |     1 |     9 ||    11
Invok: Trog's Hand       |     1 |     1 |     6 ||     8
       Berserk           |       |       |     3 ||     3
  Use: Scroll            |       |       |     2 ||     2
 Stab: Sleeping          |       |     2 |       ||     2
Armor: Animal skin       |    41 |    25 |    70 ||   136
Dodge: Dodged            |    82 |    67 |   155 ||   304

Table legend: (Time is in decaauts)
 A = Elapsed time spent in this place.
 B = Non-inter-level travel time spent in this place.
 C = Inter-level travel time spent in this place.
 D = Time resting spent in this place.
 E = Time spent auto-exploring this place.
 F = Levels seen in this place.
 G = Mean time per level.
                   A        B        C        D        E       F      G
               +--------+--------+--------+--------+--------+-----+--------+
         Total |   6082 |   5563 |    519 |    667 |   3820 |   7 |  868.9 |
       Dungeon |   6082 |   5563 |    519 |    667 |   3820 |   7 |  868.9 |
               +--------+--------+--------+--------+--------+-----+--------+

Top non-repeatable levels by time:
     D:3: 1518 daAuts
     D:6: 1161 daAuts
     D:5: 1025 daAuts
     D:2: 1011 daAuts
     D:4: 717 daAuts
     D:1: 599 daAuts
     D:7: 47 daAuts
